Map: New Repugnancy LE

Players

aYawningLion - Winner!

  • Race: Zerg Zerg
  • League: Diamond
  • Spawn Location: 1:00

Rail

  • Race: Zerg Zerg
  • League: Platinum
  • Spawn Location: 7:00

VOD

Have the link to the VOD?

Description

Very quick, close game. entertaining :P

Time

  • Played on: April 8, 2019, 6:47 a.m.
  • Length: 4:36
Show
View Real Time Build Order
Export as new Build Order

aYawningLion Zerg - Winner!

Build Orders: Pool Only 

Get SALT Encoding   

  12  0:01  Drone  
  13  0:12  Drone  
  14  0:16  Extractor  
  14  0:17  Drone  
  15  0:31  Spawning Pool  
  15  0:35  Extractor  
  13  0:36  Drone  
  15  0:43  Overlord  
  15  0:47  Extractor  
  14  0:53  Extractor  
  14  0:54  Drone  
  15  1:01  Drone  
  15  1:02  Drone  
  17  1:09  Drone  
  18  1:20  Roach Warren  
  18  1:21  Drone  
  18  1:26  Extractor  
  17  1:33  Drone  
  18  2:00  Roach x2  
  22  2:03  Lair  
  22  2:08  Overlord  
  19  2:26  Roach x2  
  23  2:38  Roach  
  23  2:43  Spine Crawler  
  24  3:01  Roach x2  
  24  3:05  Ravager  
  25  3:10  Ravager  
  26  3:13  Roach  
  28  3:22  Ravager  
  29  3:34  Drone  
  30  3:46  Overlord  
  30  4:05  Roach  
  30  4:06  Roach  
Show
View Real Time Build Order
Export as new Build Order

Rail Zerg 

Build Orders: Pool Only 

Get SALT Encoding   

  12  0:19  Spawning Pool  
  11  0:22  Drone  
  11  0:27  Drone  
  13  0:33  Extractor, Drone  
  13  0:44  Overlord  
  13  1:07  Zergling x6  
  16  1:11  Queen  
  18  1:18  Zergling x2  
  19  1:30  Zergling x2  
  20  1:39  Metabolic Boost  
  20  1:44  Zergling x2  
  21  1:52  Overlord  
  21  2:05  Zergling x2  
  22  2:26  Extractor  
  22  2:27  Drone x2  
  22  2:28  Drone x2, Roach Warren  
  24  2:48  Spine Crawler  
  21  3:03  Drone x4  
  20  3:13  Roach  
  20  3:16  Roach  
  24  3:23  Roach  
  26  3:29  Roach  
  28  3:35  Ravager  
  28  3:37  Overlord  
  29  3:48  Overlord  
  29  3:56  Roach x2  
  33  4:03  Roach  
  35  4:14  Roach  
  30  4:26  Ravager  
Tags
 
Add a new tag
Caveats
  • Supply blocks, unpowered buildings, or Contaminate may cause inaccurate times.
  • Supply counts are checked every 10 seconds.